 Dungeon Crawl Stone Soup version 0.24.0-13-gcf9b319 (webtiles) character file.

Game seed: 7777974178998576898, levelgen mode: deterministic

58 Fang the Covered (level 4, -1/29 HPs)
             Began as a Gargoyle Fighter on Dec 19, 2019.
             Slain by a gnoll
             ... wielding a +0 spear
              (2 damage)
             ... on level 2 of the Dungeon.
             The game lasted 00:00:55 (1029 turns).

Fang the Covered (Gargoyle Fighter)                 Turns: 1029, Time: 00:00:55

Health: -1/29      AC: 10    Str: 21    XL:     4   Next: 2%
Magic:  4/4        EV:  7    Int:  8    God:
Gold:   103        SH:  9    Dex:  9    Spells: 3/3 levels left

rFire    . . .     SeeInvis .   a - +0 war axe
rCold    . . .     Gourm    .   c - +0 shield
rNeg     + . .     Faith    .   b - +0 scale mail
rPois    ∞         Spirit   .   (no helmet)
rElec    +         Reflect  .   (no cloak)
rCorr    .         Harm     .   (no gloves)
MR       .....                  (no boots)
Stlth    ..........             (no amulet)
HPRegen  0.09/turn              (no ring)
MPRegen  0.09/turn              (no ring)

@: no status effects
A: negative energy resistance 1, electricity resistance, unbreathing,
petrification resistance, rot immunity, AC +3
a: no special abilities


You were on level 2 of the Dungeon.
You were not hungry.

You visited 1 branch of the dungeon, and saw 2 of its levels.

You collected 103 gold pieces.

Inventory:

Hand Weapons
 a - a +0 war axe (weapon)
Armour
 b - a +0 scale mail (worn)
 c - a +0 shield (worn)
Jewellery
 l - an uncursed ring of resist corrosion {unknown}
Scrolls
 e - a scroll of fear {unknown}
 g - a scroll of amnesia {unknown}
 h - a scroll of teleportation {unknown}
 i - a scroll of immolation {unknown}
 k - 5 scrolls of identify {unknown}
 n - a scroll of enchant weapon {unknown}
Potions
 d - a potion of might
 j - a potion of heal wounds {unknown}
Comestibles
 f - a ration
 m - 3 chunks of flesh


   Skills:
 + Level 3.8 Fighting
 + Level 2.3 Axes
 + Level 3.9 Armour
 + Level 3.9 Shields


You had 3 spell levels left.
You didn't know any spells.
Your spell library was empty.

Dungeon Overview and Level Annotations

Branches:
Dungeon (2/15)

Altars:


Innate Abilities, Weirdness & Mutations

You are resistant to torment.
Your stone body is resilient. (AC +3)
You are immune to poison.
You resist negative energy. (rN+)
You are resistant to electric shocks. (rElec)
You can survive without breathing.
You are immune to petrification.
You are immune to rotting.


Message History

You barely miss the gnoll.
The gnoll is moderately wounded.
You closely miss the gnoll. You slash the gnoll!
The gnoll hits you with a +0 flail! The gnoll hits you with a +0 spear.
The gnoll hits you but does no damage. You block the gnoll's attack.
You block the gnoll's attack. The kobold hits you but does no damage.
You block the gnoll's attack. The gnoll hits you with a +0 spear.
* * * LOW HITPOINT WARNING * * *
The gnoll hits you with a +0 spear.
* * * LOW HITPOINT WARNING * * *
You closely miss the gnoll.
Your shield and scale mail prevent you from hitting the gnoll.
You barely miss the gnoll. You hit the gnoll but do no damage.
You closely miss the kobold. The kobold barely misses you.
The gnoll closely misses you. You block the gnoll's attack. x2
The gnoll hits you but does no damage. The kobold completely misses you.
The gnoll hits you with a +0 flail.
* * * LOW HITPOINT WARNING * * *
The gnoll hits you with a +0 spear.
You die...

#.## .... .
#..# #....#
## ##.##
....# # #..#
..#. .
####.###.##.
.
#...........
#...........
#..g.g.....#
#..K@g.....#
###.g.....##
#.......#
#.?.....#
#.......#
#..[....#
#.......#
#########


You could see 4 gnolls and a kobold.

Vanquished Creatures
  2 adders (D:2)
  An ooze (D:1)
  A dart slug (D:2)
  2 leopard geckos
  A ball python (D:2)
  2 giant cockroaches
  A goblin (D:2)
  2 hobgoblins (D:1)
  6 jackals (D:1)
  5 bats (D:1)
  A frilled lizard (D:2)
  2 kobolds (D:2)
  4 rats
30 creatures vanquished.

Notes
Turn   | Place    | Note
-------+----------+-------------------------------------------
     0 | D:1      | Fang the Gargoyle Fighter began the quest for the Orb.
     0 | D:1      | Reached XP level 1. HP: 14/14 MP: 1/1
    69 | D:1      | Reached XP level 2. HP: 13/19 MP: 2/2
   438 | D:1      | Reached XP level 3. HP: 23/23 MP: 3/3
   976 | D:2      | Reached XP level 4. HP: 26/29 MP: 4/4
  1029 | D:2      | HP: 1/29 [gnoll/+0 flail (3)]
  1029 | D:2      | Slain by a gnoll

Levels and vault maps discovered:
D:1:      erik_arrival_cave_to_civilisation [erik_arrival_cave_to_hall],
          layout_basic
D:2:      layout_rooms, first_ration

Skill      XL: |  1 |
---------------+----+-----
Axes           | 2 |  2.3
Fighting       | |  3.8
Armour         | |  3.9
Shields        | |  3.9

Action                   |  1- 3 |  4- 6 || total
-------------------------+-------+-------++-------
Melee: War axe           |   125 |     7 ||   132
 Stab: Distracted        |     1 |       ||     1
  Eat: Chunk             |       |     1 ||     1
Armor: Scale mail        |    93 |     6 ||    99
Dodge: Dodged            |    64 |     3 ||    67
Block: Shield            |    90 |    10 ||   100
